 Dungeon Crawl Stone Soup version 0.22.1-2-g9c5b331383 (webtiles) character file.

969 Knorr the Cudgeler (level 8, 0/91 HPs)
             Began as a Human Berserker on Dec 29, 2018.
             Was a Believer of Trog.
             Slain by a hippogriff (2 damage)
             ... on level 8 of the Dungeon on Dec 30, 2018.
             The game lasted 00:39:55 (4304 turns).

Knorr the Cudgeler (Human Berserker)                Turns: 4304, Time: 00:39:58

Health: 0/91       AC: 11    Str: 23      XL:     8   Next: 38%
Magic:  8/8        EV: 11    Int:  6 (9)  God:    Trog [**....]
Gold:   116        SH:  4    Dex: 13      Spells: 7/7 levels left

rFire    + + .     SeeInvis .   l - +2 mace (crush)
rCold    x . .     Gourm    .   e - +0 buckler
rNeg     . . .     Faith    .   j - +0 fire dragon scales
rPois    .         Spirit   .   (no helmet)
rElec    .         Reflect  .   (no cloak)
rCorr    +         Harm     .   (no gloves)
MR       .....     Rnd*Tele +   (no boots)
Stlth    ..........             (no amulet)
HPRegen  0.25/turn              a - ring of resist corrosion
MPRegen  0.11/turn              (no ring)

@: berserking (expiring), very quick
A: molten scales 1, teleportitis 1, wild magic 1
a: Berserk, Trog's Hand, Renounce Religion


You were on level 8 of the Dungeon.
You worshipped Trog.
Trog was pleased with you.
You were hungry.

You visited 1 branch of the dungeon, and saw 8 of its levels.
You also visited: Ossuary.

You collected 116 gold pieces.

Inventory:

Hand Weapons
 f - a +0 hunting sling
 l - a +2 mace of crushing (weapon)
Missiles
 d - 69 sling bullets
 i - 61 stones
 n - 6 tomahawks (quivered)
Armour
 e - a +0 buckler (worn)
 j - +0 fire dragon scales (worn)
Jewellery
 a - a ring of resist corrosion (left hand)
 g - a +5 ring of strength {unknown}
Wands
 k - a wand of clouds (2)
Scrolls
 b - a scroll of fear
 h - a scroll of teleportation
 p - a scroll of noise
 q - a scroll of identify
Potions
 m - a potion of curing
Comestibles
 c - 4 rations


   Skills:
 + Level 4.3 Fighting
 + Level 4.9 Maces & Flails
   Level 4.2 Polearms
 + Level 1.9 Throwing
 + Level 3.5 Armour
 + Level 3.2 Dodging
 * Level 2.9 Stealth
 * Level 2.3 Shields


You had 7 spell levels left.
You didn't know any spells.
Your spell library was empty.

Dungeon Overview and Level Annotations

Branches:
Dungeon (8/15)             Temple (0/1) D:6
   Lair: D:8-11

Altars:
Hepliaklqana
Kikubaaqudgha
Qazlal

Annotations:
D:8 Prince Ribbit


Innate Abilities, Weirdness & Mutations

You are partially covered in molten scales. (AC +2)
You are occasionally teleported next to monsters.
Your spells are a little harder to cast, but a little more powerful.


Message History

The centaur shoots an arrow.
The arrow hits you but does no damage. The crocodile barely misses you.
The quokka bites you.
* * * LOW HITPOINT WARNING * * *
There are monsters nearby!
You sock the crocodile!
You kill the crocodile!
Trog accepts your kill.
You feel your strength returning. The hippogriff barely misses you.
The hippogriff closely misses you.
The hippogriff claws you but does no damage.
The quokka bites you but does no damage.
You are too berserk!
You are too berserk!
You barely miss Prince Ribbit.
The centaur unwields an uncursed shortbow.
You block the centaur's attack. Prince Ribbit hits you!
* * * LOW HITPOINT WARNING * * *
The hippogriff bites you but does no damage.
The hippogriff pecks you.
You die...

###########
.......... #..#c.#
#.# #...H@#.## #.#
#...rF...# #.#
#(....#..# ###
#.######.##.##.....
..#
#......(............
..#
#.####.#..##...####.
..# #.# #.##.# .#.#
..###.####.##c#
.##r#
.....#†##...#..#..
..


You could see a hippogriff, Prince Ribbit, a centaur and a quokka.

Vanquished Creatures
  A phantom (D:8)
  An ice beast (D:8)
  A centaur (D:6)
  A crocodile (D:8)
  2 scorpions (D:6)
  4 centaur zombies (Ossuary)
  2 hounds
  A bullfrog skeleton (D:4)
  An orc wizard (D:5)
  2 worker ants (D:6)
  2 big kobold zombies (Ossuary)
  6 mummies (Ossuary)
  A gnoll (D:1)
  A worker ant zombie (D:5)
  3 adders
  A shadow imp (D:8)
  2 oozes (D:1)
  2 adder skeletons
  3 worms
  4 leopard geckos
  6 orcs
  3 bats
  2 giant cockroaches
  A gnoll zombie (Ossuary)
  3 goblins
  3 hobgoblins
  8 jackals
  A quokka (D:8)
  A ball python (D:4)
  3 frilled lizards
  A goblin zombie (Ossuary)
  3 kobolds
  2 rats
78 creatures vanquished.

Vanquished Creatures (others)
  A fungus (D:5)
1 creature vanquished.

Grand Total: 79 creatures vanquished

Notes
Turn   | Place    | Note
-------+----------+-------------------------------------------
     0 | D:1      | Knorr the Human Berserker began the quest for the Orb.
     0 | D:1      | Reached XP level 1. HP: 18/18 MP: 1/1
     3 | D:1      | Noticed an electric eel
     3 | D:1      | Noticed an electric eel
    56 | D:1      | Reached XP level 2. HP: 13/24 MP: 2/2
   446 | D:1      | Reached XP level 3. HP: 18/29 MP: 3/3
   687 | D:2      | Noticed a sky beast
  1137 | D:3      | Reached XP level 4. HP: 36/36 MP: 4/4
  1492 | D:4      | Reached ** piety under Trog
  1492 | D:4      | Reached XP level 5. HP: 42/42 MP: 5/5
  1571 | D:4      | Found a hazy altar of Hepliaklqana.
  1717 | D:5      | Entered Level 5 of the Dungeon
  1816 | D:5      | Reached skill level 1 in Shields
  1950 | D:5      | Reached skill level 1 in Maces & Flails
  1950 | D:5      | Reached XP level 6. HP: 48/48 MP: 6/6
  2043 | D:6      | Gained mutation: You are frail. (-10% HP) [potion of
                  | mutation]
  2043 | D:6      | Gained mutation: Your muscles are strong. (Str +2) [potion
                  | of mutation]
  2215 | D:6      | Reached skill level 1 in Throwing
  2218 | D:6      | Reached XP level 7. HP: 18/48 MP: 7/7
  2766 | D:7      | Found a stormy altar of Qazlal.
  3032 | D:8      | Reached skill level 1 in Stealth
  3474 | D:8      | Found an ancient bone altar of Kikubaaqudgha.
  3526 | D:8      | Found a sand-covered staircase.
  3527 | D:8      | Noticed a hippogriff
  3533 | Ossuary  | Entered an ossuary
  3627 | Ossuary  | Reached XP level 8. HP: 8/54 MP: 8/8
  3635 | Ossuary  | HP: 1/54 [mummy (10)]
  3926 | Ossuary  | Lost mutation: You are frail. (-10% HP) [potion of
                  | mutation]
  3926 | Ossuary  | Lost mutation: Your muscles are strong. (Str +2) [potion of
                  | mutation]
  3926 | Ossuary  | Gained mutation: You are occasionally teleported next to
                  | monsters. [potion of mutation]
  3926 | Ossuary  | Gained mutation: You are clumsy. (Dex -2) [potion of
                  | mutation]
  3926 | Ossuary  | Gained mutation: You are partially covered in yellow
                  | scales. (AC +2) [potion of mutation]
  3926 | Ossuary  | Gained mutation: You have large cloven feet. [potion of
                  | mutation]
  3941 | Ossuary  | Lost mutation: You are partially covered in yellow scales.
                  | (AC +2) [potion of mutation]
  3941 | Ossuary  | Lost mutation: You have large cloven feet. [potion of
                  | mutation]
  3941 | Ossuary  | Gained mutation: Your system is resistant to poisons.
                  | (rPois) [potion of mutation]
  4292 | Ossuary  | Lost mutation: Your system is resistant to poisons. (rPois)
                  | [potion of mutation]
  4292 | Ossuary  | Lost mutation: You are clumsy. (Dex -2) [potion of
                  | mutation]
  4292 | Ossuary  | Gained mutation: You have a pair of small horns on your
                  | head. [potion of mutation]
  4292 | Ossuary  | Lost mutation: You have a pair of small horns on your head.
                  | [potion of mutation]
  4292 | Ossuary  | Gained mutation: Your spells are a little harder to cast,
                  | but a little more powerful. [potion of mutation]
  4292 | Ossuary  | Gained mutation: You are partially covered in molten
                  | scales. (AC +2) [potion of mutation]
  4294 | D:8      | Noticed Prince Ribbit
  4304 | D:8      | HP: 2/91 [Prince Ribbit (9)]
  4304 | D:8      | Slain by a hippogriff

Skill      XL: |  1  2  3  4  5  6  7  8 |
---------------+-------------------------+-----
Polearms       | 4 |  4.2
Shields        | 1 2 |  2.3
Maces & Flails | 1 3 4 |  4.9
Fighting       | 4 |  4.3
Dodging        | 3 |  3.2
Throwing       | 1 |  1.9
Armour         | 3 |  3.5
Stealth        | 1 2 |  2.9

Action                   |  1- 3 |  4- 6 |  7- 9 || total
-------------------------+-------+-------+-------++-------
Melee: Spear             |    74 |    83 |       ||   157
       Mace              |       |    51 |   109 ||   160
Throw: Stone             |     2 |    15 |     7 ||    24
       Tomahawk          |       |       |    26 ||    26
Invok: Berserk           |     2 |     2 |     4 ||     8
       Trog's Hand       |       |     1 |     2 ||     3
Evoke: Wand              |       |       |     2 ||     2
  Use: Potion            |     1 |     2 |     8 ||    11
       Scroll            |     2 |     3 |     3 ||     8
  Eat: Ration            |     1 |     1 |     2 ||     4
       Chunk             |       |     1 |     4 ||     5
Armor: Animal skin       |    10 |       |       ||    10
       Scale mail        |     1 |     1 |       ||     2
       Fire dragon scale |       |    56 |    58 ||   114
Dodge: Dodged            |    32 |    63 |    54 ||   149
Block: Buckler           |     7 |    27 |    16 ||    50
